 Dungeon Crawl Stone Soup version 0.27.1-33-g824d729ab1 (webtiles) character file.

Game seed: 2890471195666508936

15078 belegose the Brooding (level 11, -4/80 HPs)
             Began as a Demonspawn Delver on Dec 16, 2021.
             Was a Priest of Hepliaklqana.
             Slain by a four-headed hydra (8 damage)
             ... on level 11 of the Dungeon.
             The game lasted 00:49:44 (13768 turns).

belegose the Brooding (Demonspawn Delver)          Turns: 13768, Time: 00:49:45

Health: -4/80      AC: 18    Str: 12    XL:     11   Next: 97%
Magic:  19/19      EV: 15    Int: 14    God:    Hepliaklqana [***...]
Gold:   641        SH:  4    Dex: 16    Spells: 10/10 levels left

rFire    . . .     SeeInvis .   H - +4 quarterstaff (chaos)
rCold    + . .     Faith    .   (shield currently unavailable)
rNeg     . . .     Spirit   .   I - +0 steam dragon scales
rPois    .         Reflect  .   (no helmet)
rElec    .         Harm     .   G - +2 cloak
rCorr    .         Rampage  .   (no gloves)
Will     .....                  l - +0 pair of boots
Stlth    +++.......             u - amulet of regeneration
HPRegen  1.23/turn              n - ring of protection from cold
MPRegen  0.16/turn              a - +4 ring of slaying

@: slowed, very slow
A: reduced essence, hooves 2, rugged brown scales 1, icemail 2, condensation
shield
a: Renounce Religion, Recall Ancestor, Ancestor Identity, Transference


You were on level 11 of the Dungeon.
You worshipped Hepliaklqana.
Hepliaklqana was most pleased with you.
You visited 2 branches of the dungeon, and saw 12 of its levels.

You collected 641 gold pieces.

Inventory:

Hand Weapons
 i - a +3 scimitar
 H - a +4 quarterstaff of chaos (weapon)
 K - a +1 morningstar of freezing
 L - the +4 spear "Lexunlei" {flame, rCorr Int+4}
   (You found it on level 7 of the Dungeon)

   It burns those it strikes, dealing additional fire damage.
   Int:       It affects your intelligence (+4).
   rCorr:     It protects you from acid and corrosion.
Missiles
 j - 9 poisoned darts (quivered)
 k - 3 throwing nets
 y - 371 stones
Armour
 l - a +0 pair of boots (worn)
 B - a +1 scale mail of positive energy
 G - a +2 cloak (worn)
 I - +0 steam dragon scales (worn)
Jewellery
 a - a +4 ring of slaying (right hand)
 n - a ring of protection from cold (left hand)
 q - a ring of see invisible
 u - an amulet of regeneration (around neck)
Wands
 g - a wand of digging (3)
 E - a wand of mindburst (22)
 J - a wand of polymorph (7)
 N - a wand of iceblast (4)
Scrolls
 c - 2 scrolls of fog
 d - a scroll of magic mapping
 e - 3 scrolls of fear
 o - 2 scrolls of acquirement {unknown}
 s - 2 scrolls of vulnerability {unknown}
 t - 2 scrolls of noise {unknown}
 v - a scroll of immolation {unknown}
 w - 2 scrolls of teleportation {unknown}
 x - 3 scrolls of blinking {unknown}
 C - 2 scrolls of amnesia {unknown}
 D - a scroll of enchant armour {unknown}
 O - a scroll of brand weapon {unknown}
 Q - a scroll of holy word {unknown}
Potions
 b - 2 potions of heal wounds
 f - 6 potions of haste
 h - 2 potions of flight
 m - 4 potions of lignification
 p - 5 potions of curing
 r - 2 potions of mutation
 z - a potion of invisibility
 A - 2 potions of might
 F - 2 potions of magic
 M - 2 potions of berserk rage
 P - a potion of brilliance {unknown}


   Skills:
 - Level 8.4 Fighting
 - Level 6.2 Maces & Flails
 + Level 5.5 Polearms
 + Level 3.8 Throwing
 - Level 3.0 Armour
 - Level 6.1 Dodging
 + Level 6.3 Stealth
 + Level 10.7 Invocations
 + Level 9.0 Evocations


You had 10 spell levels left.
You didn't know any spells.
Your spell library contained the following spells:

 Spells                   Type           Power      Damage    Failure   Level
 Foxfire                  Conj/Fire      0%         2x1d4     28%         1
 Corpse Rot               Necr/Air       N/A        N/A       41%         2
 Static Discharge         Conj/Air       0%         N/A       41%         2
 Sublimation of Blood     Necr           0%         N/A       41%         2
 Conjure Flame            Conj/Fire      0%         6-21      65%         3
 Frozen Ramparts          Ice            0%         1d2       65%         3
 Gell's Gravitas          Tloc           0%         N/A       65%         3
 Inner Flame              Hex/Fire       0%         N/A       65%         3
 Stone Arrow              Conj/Erth      0%         3d7       65%         3
 Teleport Other           Tloc           0%         N/A       65%         3
 Animate Armour           Summ/Erth      0%         N/A       96%         4
 Dispel Undead            Necr           0%         3d6       96%         4
 Ice Form                 Ice/Tmut       0%         N/A       96%         4
 Petrify                  Tmut/Erth      0%         N/A       96%         4
 Summon Ice Beast         Ice/Summ       0%         N/A       96%         4
 Irradiate                Conj/Tmut      0%         3d13      100%        5
 Iskenderun's Battlesphe  Conj           0%         2d6       100%        5
 Lightning Bolt           Conj/Air       0%         1d11      100%        5
 Death Channel            Necr           0%         N/A       100%        6
 Dispersal                Tloc           0%         N/A       100%        6
 Iron Shot                Conj/Erth      0%         9d1       100%        6
 Malign Gateway           Summ/Tloc      0%         N/A       100%        7
 Spellforged Servitor     Conj/Summ      0%         N/A       100%        7
 Lehudib's Crystal Spear  Conj/Erth      0%         10d2      100%        8
 Maxwell's Capacitive Co  Air            0%         ∞         100%        8
 Summon Horrible Things   Summ           0%         N/A       100%        8


Dungeon Overview and Level Annotations

Branches:
Dungeon (11/15)            Temple (1/1) D:5            Lair (0/6) D:9
    Orc: D:9-12

Altars:
Ashenzari
Cheibriados
Dithmenos
Elyvilon
Fedhas
Gozag
Hepliaklqana
Kikubaaqudgha
Makhleb
Nemelex Xobeh
Okawaru
Qazlal
Ru
Sif Muna
Trog
Uskayaw
Vehumet
Wu Jian
Xom
Yredelemnul
Zin
The Shining One

Shops:
D:10 *   D:11 :

Annotations:
D:6 exclusion: statue


Innate Abilities, Weirdness & Mutations

Your life essence is reduced to manifest your ancestor. (-10% HP)
You have hoof-like feet.
You are partially covered in rugged brown scales. (AC +1, +3% HP)
A meltable icy envelope protects you from harm. (AC +8)
A meltable shield of frost defends you. (SH +4)


Message History

Something closely misses Lwandle.
Something bites Lwandle!
Unknown command.
You start resting.
HP restored.
Something barely misses Lwandle.
Something bites Lwandle!
Something bites Lwandle.
Lwandle is destroyed!
You start waiting.
The four-headed hydra bites you but does no damage.
You block the four-headed hydra's attack.
The four-headed hydra bites you.
You block the four-headed hydra's attack.
You thump the four-headed hydra!
The four-headed hydra flickers and vanishes!
Deactivating autopickup; reactivate with Ctrl-A.
Something bites you.
Something bites you but does no damage. x2
Something bites you.
Unknown command.
Something bites you but does no damage. x4
Unknown command.
Something bites you. x2; Something bites you but does no damage. x2
Something bites you! You block something's attack.
Something bites you but does no damage. Something bites you!
Something bites you but does no damage. x2; Something bites you.
You block something's attack.
Something bites you but does no damage. x2; Something bites you.
Something bites you but does no damage. Something bites you but does no damage.
Something bites you. Something bites you but does no damage.
Something barely misses you. Something bites you! Something bites you.
Something bites you but does no damage. x2
Something bites you. Something bites you! Something bites you. x2
* * * LOW HITPOINT WARNING * * *
Something bites you but does no damage. Something barely misses you.
Something bites you!
* * * LOW HITPOINT WARNING * * *
Something bites you!
* * * LOW HITPOINT WARNING * * *
You block something's attack. Something bites you!
* * * LOW HITPOINT WARNING * * *
Something bites you!
You die...

..P.....(......♣..♣♣♣ ...
.♣...#..._...#...♣...♣♣.♣
.................♣..P...#
P......#...#...♣..♣..♣.♣#
♣...8...♣.♣......♣♣..P♣
♣♣..♣.....♣.♣....♣....♣
..♣....♣....♣♣...♣...♣♣
.♣.♣♣.♣♣♣.♣♣♣♣...♣♣♣P♣
♣♣....♣.♣@..P♣.♣.P♣♣.. P
.♣...♣♣♣......♣♣♣♣......# ♣§
♣..♣#.♣.♣.......♣♣......# §##.
#...................# ...
#...................#
#####.###..........>........##
...........).................
###.........................
#......................#


There were no monsters in sight!

Vanquished Creatures
  Harold (D:7)
  A death knight (D:10)
  2 two-headed ogres
  Pikel (D:4)
  3 elephants (D:11)
  Maggie (D:7)
  A hornet (D:9)
  A blink frog (shapeshifter) (D:7)
  Sigmund (D:5)
  A wyvern (D:10)
  8 yaks
  2 wraiths
  A steam dragon (D:6)
  3 vampire mosquitoes
  2 water moccasins
  2 orc warriors
  An ice beast (D:3)
  2 necrophages
  2 ogres (D:5)
  3 wolves (D:10)
  A centaur (D:8)
  A lemure (D:5)
  A phantom (D:7)
  3 bullfrogs
  A wyvern zombie (D:5)
  A scorpion (D:4)
  9 killer bees
  16 wights
  4 howler monkeys
  3 electric eels (D:7)
  A bullfrog zombie (D:5)
  5 centaur zombies
  3 hounds
  3 orc priests
  3 jellies
  Crazy Yiuf (D:2)
  3 bullfrog skeletons
  A human zombie (D:10)
  A gnoll shaman (D:7)
  Natasha (thrice) (D:2)
  An iguana (D:6)
  3 orc wizards
  4 mummies (D:10)
  2 howler monkey zombies
  2 howler monkey skeletons
  5 gnolls
  9 adders
  2 white imps
  2 worms (D:3)
  7 dart slugs
  19 orcs
  5 ball pythons
  A bat (D:1)
  5 endoplasms
  4 giant cockroaches
  9 goblins
  2 hobgoblins
  4 jackals (D:4)
  5 kobolds
  5 quokkas
  A frilled lizard (D:1)
  4 rats
204 creatures vanquished.

Vanquished Creatures (collateral kills)
  3 two-headed ogres
  An elephant (D:11)
  A wraith (D:11)
  3 yaks (D:10)
  Grum (D:10)
  A wolf (D:10)
  A centaur (D:8)
  2 killer bees (D:8)
  3 wights
  2 centaur zombies
  2 orc wizards
  A mummy (D:10)
  An adder (D:10)
  2 dart slugs (D:7)
  An orc (D:11)
25 creatures vanquished.

Vanquished Creatures (others)
  An orc priest (D:6)
  5 hexers
  An ancestor (D:7)
  A quokka (D:9)
  6 fungi (D:9)
  64 plants
78 creatures vanquished.

Grand Total: 307 creatures vanquished

Notes
Turn   | Place    | Note
-------+----------+-------------------------------------------
     0 | D:5      | belegose the Demonspawn Delver began the quest for the Orb.
     0 | D:5      | Reached XP level 1. HP: 18/18 MP: 1/1
    24 | D:4      | Noticed an ice beast
   404 | D:2      | Gained mutation: A meltable shield of frost defends you.
                  | (SH +4) [demonic ancestry]
   404 | D:2      | Reached XP level 2. HP: 20/24 MP: 2/2
   888 | D:1      | Reached skill level 1 in Evocations
   968 | D:1      | Found a faded altar of an unknown god.
  1353 | D:1      | Gained mutation: You have large cloven feet. [demonic
                  | ancestry]
  1353 | D:1      | Reached XP level 3. HP: 23/29 MP: 3/3
  1956 | D:2      | Noticed Natasha
  1963 | D:2      | Killed Natasha
  1964 | D:2      | Gained mutation: A meltable icy envelope protects you from
                  | harm. (AC +8) [demonic ancestry]
  1964 | D:2      | Reached XP level 4. HP: 34/36 MP: 4/4
  1983 | D:2      | Noticed Natasha
  1991 | D:2      | Killed Natasha
  2344 | D:2      | Found a runed translucent door.
  2345 | D:2      | Noticed Crazy Yiuf
  2363 | D:2      | Noticed Natasha
  2371 | D:2      | Killed Natasha
  2372 | D:2      | Gained mutation: You have hoof-like feet. [demonic
                  | ancestry]
  2372 | D:2      | Reached XP level 5. HP: 20/42 MP: 5/5
  2919 | D:3      | Found a basalt altar of Yredelemnul.
  2919 | D:3      | Found a sparkling altar of Nemelex Xobeh.
  4077 | D:4      | Reached XP level 6. HP: 36/48 MP: 6/6
  4330 | D:4      | Reached skill level 1 in Armour
  4865 | D:5      | Found a staircase to the Ecumenical Temple.
  4891 | Temple   | Entered the Ecumenical Temple
  4942 | Temple   | Became a worshipper of Hepliaklqana the Forgotten
  4993 | D:5      | Found a stormy altar of Qazlal.
  5007 | D:5      | Noticed Sigmund
  5113 | D:5      | Reached skill level 1 in Invocations
  5704 | D:5      | Killed Sigmund
  5705 | D:5      | Reached skill level 2 in Invocations
  5705 | D:5      | Reached XP level 7. HP: 45/55 MP: 8/8
  5819 | D:5      | Found a blossoming altar of Fedhas.
  5835 | D:5      | Noticed Pikel
  6184 | D:4      | Killed Pikel
  6185 | D:4      | Reached skill level 5 in Fighting
  6185 | D:4      | Reached skill level 3 in Invocations
  6185 | D:4      | Gained mutation: You are partially covered in rugged brown
                  | scales. (AC +1, +3% HP) [demonic ancestry]
  6185 | D:4      | Reached XP level 8. HP: 14/64 MP: 8/10
  6646 | D:5      | Reached skill level 4 in Invocations
  6775 | D:5      | Found an ornate altar of the Wu Jian Council.
  7648 | D:6      | Found an iron altar of Okawaru.
  7810 | D:6      | Found a radiant altar of Vehumet.
  8079 | D:6      | Found an opulent altar of Gozag.
  8310 | D:6      | Reached skill level 5 in Maces & Flails
  8373 | D:6      | Reached skill level 5 in Invocations
  8373 | D:6      | Reached skill level 5 in Evocations
  8781 | D:2      | Killed Crazy Yiuf
  9281 | D:7      | Reached XP level 9. HP: 63/71 MP: 13/13
  9484 | D:7      | Reached * piety under Hepliaklqana
  9547 | D:7      | Reached skill level 6 in Invocations
  9580 | D:7      | Noticed Harold
  9596 | D:7      | Killed Harold
  9729 | D:7      | Noticed Maggie
  9742 | D:7      | Killed Maggie
  9743 | D:7      | Reached skill level 7 in Invocations
  9948 | D:7      | Identified the +4 spear "Lexunlei" {flame, rCorr Int+4}
 10162 | D:8      | Found a snail-covered altar of Cheibriados.
 10162 | D:8      | Noticed a two-headed ogre
 10392 | D:8      | Reached skill level 1 in Polearms
 10395 | D:8      | Gained mutation: A meltable icy envelope protects you from
                  | harm. (AC +8) [demonic ancestry]
 10395 | D:8      | Reached XP level 10. HP: 67/73 MP: 15/15
 10616 | D:8      | Reached skill level 5 in Dodging
 10682 | D:8      | Reached ** piety under Hepliaklqana
 10683 | D:8      | Remembered your ancestor Lwandle as a hexer
 10890 | D:8      | Killed a two-headed ogre
 10891 | D:8      | Reached skill level 8 in Invocations
 11067 | D:9      | Found a staircase to the Lair.
 11084 | D:9      | Paralysed by a hornet for 1 turns
 11519 | D:9      | Found a shimmering altar of Xom.
 11520 | D:9      | Found a shimmering altar of Xom.
 11521 | D:9      | Found a shimmering altar of Xom.
 11521 | D:9      | Found a shimmering altar of Xom.
 11523 | D:9      | Found a shimmering altar of Xom.
 11811 | D:10     | Entered Level 10 of the Dungeon
 11845 | D:10     | Noticed Grum
 11920 | D:10     | Noticed a two-headed ogre
 11950 | D:9      | Killed a two-headed ogre
 11951 | D:9      | Reached skill level 9 in Invocations
 12112 | D:10     | Killed Grum
 12113 | D:10     | Reached XP level 11. HP: 44/80 MP: 17/17
 12356 | D:10     | Reached *** piety under Hepliaklqana
 12461 | D:10     | Found Goeruvy's Serpentskin Sales.
 12687 | D:10     | Noticed a death knight
 12724 | D:10     | Killed a death knight
 12725 | D:10     | Reached skill level 1 in Throwing
 12814 | D:10     | Found an ancient bone altar of Kikubaaqudgha.
 12830 | D:10     | Reached skill level 5 in Stealth
 13118 | D:11     | Noticed a two-headed ogre
 13192 | D:11     | Killed a two-headed ogre
 13193 | D:11     | Reached skill level 10 in Invocations
 13441 | D:11     | Noticed a two-headed ogre
 13449 | D:11     | Killed a two-headed ogre
 13450 | D:11     | Reached skill level 5 in Polearms
 13550 | D:11     | Found Bechigoa's Book Emporium.
 13662 | D:11     | Noticed a two-headed ogre
 13670 | D:11     | Killed a two-headed ogre
 13725 | D:11     | Found a shadowy altar of Dithmenos.
 13744 | D:11     | Noticed a four-headed hydra
 13768 | D:11     | HP: 4/80 [something (10)]
 13768 | D:11     | Slain by a four-headed hydra

Illustrated notes

Levels and vault maps discovered:
D:1:      dpeg_arrival_arbitrary_b, layout_basic, basic_ecumenical_altar,
          nrook_campfire
D:2:      layout_rooms, grunt_ministairs_2, uniq_crazy_yiuf_cottage,
          uniq_natasha
D:3:      layout_basic, mainiacjoe_overflow_divided_tiny, dk_vineyard_2
D:4:      layout_rooms, due_unseen_surprise
D:5:      layout_basic, lemuel_doored_altar, mainiacjoe_overflow_tiny_flanked,
          kennysheep_mini, minmay_temple_entry_arrows, serial_glass,
          glass_columns_a, glass_columns_a, st_stairs_4,
          kennysheep_generic_room_10, uniq_pikel, uniq_sigmund
D:6:      layout_layer_cave, nicolae_gozag_cash_rules_everything_around_me,
          tso_metal_star, vehumet_statue, mainiacjoe_overflow_24_doors,
          serial_bayou_crossing
D:7:      kennysheep_slugbush, layout_cave_pools, uniq_harold, uniq_maggie
D:8:      layout_cave_pods, mainiacjoe_overflow_concentric_impassable,
          solitary_fountain
D:9:      layout_loops_cross, elyvilon_altar_4, xom_redecorated,
          dpeg_oklobed_lair
D:10:     layout_gridville, lemuel_mausoleum_altar_kikubaaqudgha,
          guppyfry_shop_venom, uniq_grum
D:11:     wad_woods_stonehenge, layout_long_grid, erik_orc_1,
          kennysheep_windowed_goal
Temple:   jpeg_temple_island

Skill      XL: |  1  2  3  4  5  6  7  8  9 10 11 |
---------------+----------------------------------+-----
Maces & Flails | 2 3 4 5 6 |  6.2
Dodging        | 2 3 4 6 |  6.1
Evocations     | 1 2 3 4 5 6 7 9 |  9.0
Fighting       | 4 5 6 7 8 |  8.4
Armour         | 2 3 |  3.0
Invocations    | 2 3 5 7 9 10 | 10.7
Polearms       | 1 3 5 |  5.5
Throwing       | 3 |  3.8
Stealth        | 6 |  6.3

Action                   |  1- 3 |  4- 6 |  7- 9 | 10-12 || total
-------------------------+-------+-------+-------+-------++-------
Melee: Mace              |    96 |   219 |   168 |       ||   483
       Quarterstaff      |       |       |   115 |   306 ||   421
Throw: Dart              |       |    19 |    17 |    26 ||    62
       Stone             |       |     4 |       |       ||     4
Invok: Recall Ancestor   |       |       |       |     1 ||     1
       Ancestor Life: He |       |       |       |     1 ||     1
Evoke: Wand              |       |     1 |    19 |     4 ||    24
  Use: Potion            |       |       |     1 |     1 ||     2
       Scroll            |       |       |       |     8 ||     8
 Stab: Sleeping          |     5 |     5 |     5 |     5 ||    20
       Paralysed         |       |     4 |    19 |       ||    23
       Distracted        |       |       |     2 |     5 ||     7
       Petrified         |       |       |     2 |       ||     2
       Petrifying        |       |       |     1 |       ||     1
       Confused          |       |       |       |     5 ||     5
       Invisible         |       |       |       |     1 ||     1
Armor: Leather armour    |    30 |    74 |       |       ||   104
       Ring mail         |       |     3 |    60 |       ||    63
       Skin              |       |       |    23 |       ||    23
       Steam dragon scal |       |       |    59 |   155 ||   214
Dodge: Dodged            |    56 |   121 |   199 |   233 ||   609
Block: Other             |    16 |    40 |    52 |    56 ||   164
